[Event "Early-Titled-Tuesday-Blitz-January-30-2024"]
[Site "Chess.com"]
[Date "2024.01.30"]
[Round "6"]
[White "bulletteemo"]
[Black "AradNazari"]
[Result "0-1"]
[WhiteElo "2518"]
[BlackElo "2684"]
[TimeControl "180+1"]
[EndTime "9:10:30 PST"]
[Termination "AradNazari won on time"]

1. e4 c5 2. Nf3 d6 3. Bb5+ Nd7 4. a4 Nf6 5. Nc3 e6 6. O-O Be7 7. a5 a6 8. Ba4 O-O 9. Bb3 b5 10. axb6 Nxb6 11. d3 Qc7 12. Bf4 Nfd7 13. Nd2 Bb7 14.
Nc4 Nxc4 15. Bxc4 Nb6 16. Bb3 Rfd8 17. Qg4 Bf6 18. Qg3 c4 19. dxc4 Nxc4 20. Bxc4 Qxc4 21. Bxd6 Bxc3 22. bxc3 Qxe4 23. Be5 g6 24. Rfe1 Qxc2 25. Qh4 Qf5 26. Bf6 Rd5 27. Rab1 Bc6 28. Rb4 a5 29. Rb6 Rc8 30. c4 Rd2 31. Bc3 Rd7 32. Qh6 f6 33.
h3 e5 34. Qe3 Rd3 35. Qc1 Bxg2 36. Kxg2 Qxh3+ 37. Kg1 Rxc3 38. Qd2 Qg4+ 39. Kf1 Qxc4+ 40. Kg1 Rd3 41. Qe2 Rd4 42. Qxc4+ Rdxc4 43. Re6 Rc1 44. Kf1 Rxe1+ 45. Kxe1 Kf7 46. Ra6 Rc5 47. Ra7+ Ke6 48. Rxh7 a4 49. Ra7 Rc4 50. Ke2 g5 51. Kd3 Rd4+ 52.
Ke3 g4 53. Ra8 f5 54. Ra6+ Ke7 55. Ke2 f4 56. Kf1 f3 57. Ke1 e4 58. Ra5 Ke6 59.
Rb5 a3 60. Ra5 Rd3 61. Ra8 Rb3 62. Ra4 Kf5 63. Ra5+ Kf4 64. Ra4 Rb1+ 65. Kd2 Rb2+ 66. Ke1 Re2+ 67. Kf1 Ra2 68. Ke1 Ra1+ 69. Kd2 Rf1 70.
Rxa3 Rxf2+ 71. Ke1 g3 72. Ra8 Re2+ 73. Kf1 Rb2 74. Ra1 Kg4 75. Kg1 Kh3 76. Rc1 e3 77.
Rd1 e2 78. Ra1 Rb3 79. Kh1 Rc3 0-1

[Event "Early-Titled-Tuesday-Blitz-January-30-2024"]
[Site "Chess.com"]
[Date "2024.01.30"]
[Round "6"]
[White "cthulhuuu"]
[Black "HeroWilczek"]
[Result "1/2-1/2"]
[WhiteElo "2351"]
[BlackElo "2470"]
[TimeControl "180+1"]
[EndTime "9:10:32 PST"]
[Termination "Game drawn by stalemate"]

1. e4 d5 2. exd5 Nf6 3. Nf3 Nxd5 4. d4 g6 5. Be2 Bg7 6. O-O O-O 7. c4 Nf6 8. h3 b6 9. Nc3 Bb7 10. Be3 Nbd7 11. a4 c5 12. d5 Ne8 13. Qd2 Nd6 14. Bh6 Nf6 15. Bxg7 Kxg7 16. Ne5 Nd7 17. f4 Nf5 18.
Bg4 e6 19. Bxf5 exf5 20. Rfe1 Re8 21. Nb5 Nf6 22. Qc3 a6 23. Na3 Kg8 24. a5 b5 25. cxb5 Qxd5 26. Qc2 Qd4+ 27. Qf2 Qxf2+ 28. Kxf2 Ne4+ 29. Kg1 f6 30. Nec4 axb5 31. Nxb5 Ba6 32. Ncd6 Bxb5 33. Nxb5 Reb8 34. Nc3 Rb4 35. a6 Kf7 36. a7 Nxc3 37. bxc3 Rb7 38. Ra5 Raxa7 39. Rxc5 Rc7 40. Rxc7+ Rxc7 41. Re3 Rc4 42. g3 g5 43. Rf3 Ke6 44. Kf2 Kd5 45. fxg5 fxg5 46. Rxf5+ Ke6 47. Rxg5 Rxc3 48. Rh5 Rc7 49. Kf3 Kf6 50.
Rh6+ Kg7 51. Re6 Rc3+ 52. Re3 Rc4 53. g4 Kg6 54. h4 Ra4 55. Re4 Ra3+ 56. Kf4 Ra5 57.
Re6+ Kg7 58. Re5 Ra4+ 59. Kf5 Ra1 60. Re7+ Kg8 61. Kg5 Ra5+ 62. Kf4 Ra4+ 63. Re4 Ra5 64. Re5 Ra4+ 65. Kg5 Ra6 66. h5 Kg7 67. h6+ Kf7 68.
Rf5+ Kg8 69. Rf6 Rxf6 70. Kxf6 Kh8 71. g5 Kg8 72. Ke6 Kh8 73. Kf5 Kg8 74. Kf6 Kh8 75. Ke7 Kg8 76. Ke8 Kh8 77. Ke7 Kg8 78. Kf6 Kh8 79. g6 hxg6 80. Kxg6 Kg8 81. h7+ Kh8 82.
Kh6 1/2-1/2

[Event "Early-Titled-Tuesday-Blitz-January-30-2024"]
[Site "Chess.com"]
[Date "2024.01.30"]
[Round "6"]
[White "Der_Balak_3Halak"]
[Black "otrov-11"]
[Result "1/2-1/2"]
[WhiteElo "2346"]
[BlackElo "2503"]
[TimeControl "180+1"]
[EndTime "9:10:35 PST"]
[Termination "Game drawn - insufficient material"]

1. e4 e6 2. d4 d5 3. exd5 exd5 4. Bd3 Nc6 5. c3 Bd6 6. Ne2 Nge7 7. Bf4 Bg4 8. f3 Bh5 9. Qd2 Qd7 10. Bxd6 Qxd6 11.
Nf4 Bg6 12. Nxg6 hxg6 13. g3 O-O-O 14. Na3 Kb8 15. O-O-O Nc8 16. Rde1 Qd7 17. Nc2 N6e7 18. Re2 Nf5 19. Rhe1 Nfd6 20. Ne3 c6 21. Ng4 Qc7 22. Qf4 Nf5 23. Qxc7+ Kxc7 24. Ne5 Nfd6 25. h4 b6 26. Kd2 c5 27. Rc1 Kb7 28. b4 c4 29. Bc2 Rhe8 30.
a4 Kc7 31. Rce1 Re7 32. a5 Rde8 33. Ba4 b5 34. Bc2 a6 35. g4 Na7 36. h5 gxh5 37. gxh5 Nc6 38. Nxc6 Rxe2+ 39. Rxe2 Rxe2+ 40. Kxe2 Kxc6 41. Ke3 Kd7 42. Kf4 Ke6 43. Kg5 Ke7 44. Bb1 Ke6 45. f4 Ke7 46. f5 Kf8 47. f6 gxf6+ 48. Kxf6 Ne4+ 49. Ke5 Nxc3 50. Bc2 Kg7 51. Kd6 Kh6 52. Kc6 Ne2 53. Kb6 Nxd4 54. Bd1 f5 55. Kxa6 f4 56.
Kb6 f3 57. Bxf3 Nxf3 58. a6 c3 59. a7 c2 60. a8=Q c1=Q 61. Qh8+ Kg5 62. Qd8+ Kg4 63. Qd7+ Kg3 64. Qxd5 Qf4 65. Kxb5 Nd4+ 66. Kc5 Nf5 67. Qd3+ Kg4 68. Qc4 Qxc4+ 69. Kxc4 Kxh5 70. Kc5 Ne7 71. Kd6 Nc8+ 72. Kc7 Na7 73. Kb7 Nb5 74. Kb6 Nd4 75. Kc5 Ne6+ 76. Kc6 Nd4+ 77. Kd5 Nb5 78. Kc4 Nc7 79.
Kc5 Kg5 80. Kc6 Ne6 81. b5 Nd4+ 82. Kc5 Nxb5 1/2-1/2

[Event "Early-Titled-Tuesday-Blitz-January-30-2024"]
[Site "Chess.com"]
[Date "2024.01.30"]
[Round "6"]
[White "Alexei_Gubajdullin"]
[Black "ErikRonka"]
[Result "0-1"]
[WhiteElo "2614"]
[BlackElo "2496"]
[TimeControl "180+1"]
[EndTime "9:10:38 PST"]
[Termination "ErikRonka won by resignation"]

1. Nf3 Nf6 2. g3 d5 3. Bg2 e6 4. O-O c5 5. b3 Nc6 6. Bb2 Be7 7. e3 O-O 8. c4 d4 9. Nxd4 cxd4 10. exd4 Nxd4 11.
Nc3 Rb8 12. Re1 b6 13. a4 Bb7 14. Nb5 Nxb5 15. axb5 Bxg2 16. Kxg2 Qd7 17. d4 Rfd8 18. Qe2 Ra8 19. Ra6 Ne8 20. Rea1 Bf6 21. Qf3 Bxd4 22.
Bxd4 Qxd4 23. Rxa7 Rxa7 24. Rxa7 Nf6 25. Rb7 h6 26.
Qe3 Qxe3 27. fxe3 Rd6 28. b4 Ne4 29. Rc7 f5 30. c5 bxc5 31. bxc5 Rd5 32. b6 Nxc5 33.
b7 Nxb7 34. Rxb7 Kh7 35. h4 Kg6 36. Kf3 Kf6 37. g4 fxg4+ 38. Kxg4 Re5 39. Kf4 Rh5 40. Kg4 Ra5 41. Rb8 Ra4+ 42. Kg3 Kf5 43. Rf8+ Kg6 44. Re8 Kf7 45. Rb8 g6 46. Rh8 Kg7 47. Re8 Kf6 48. Rh8 h5 49. Rf8+ Ke5 50. Rg8 Kf5 51.
Rf8+ Ke5 52. Re8 Rg4+ 53. Kh3 Re4 54. Rg8 Rxe3+ 55. Kh2 Kf6 56. Rf8+ Kg7 57. Re8 Re4 58. Kh3 Kf7 59. Rh8 Rg4 60. Ra8 Kf6 61. Rf8+ Ke5 62.
Rf1 Kd5 63. Rd1+ Ke4 64. Re1+ Kf5 65. Rf1+ Rf4 66. Rg1 e5 67. Ra1 e4 68. Ra5+ Kf6 69.
Ra6+ Kg7 70. Re6 Kf7 71. Re5 Kf6 72. Re8 Rg4 73. Ra8 Ke5 74. Ra1 e3 75. Ra8 Kd4 76. Rd8+ Kc3 77. Rc8+ Kd2 78. Rd8+ Ke2 79. Ra8 Kf2 80.
Rf8+ Ke1 81. Ra8 e2 82. Rd8 Rf4 83. Kg3 Rf2 84. Ra8 Kf1 85. Ra2 e1=Q 86. Kh3 Rf3+ 87.
Kh2 Qg3+ 0-1

[Event "Early-Titled-Tuesday-Blitz-January-30-2024"]
[Site "Chess.com"]
[Date "2024.01.30"]
[Round "6"]
[White "KhazhatulyAlikhan"]
[Black "SaqoChess_Twitch"]
[Result "0-1"]
[WhiteElo "2395"]
[BlackElo "2588"]
[TimeControl "180+1"]
[EndTime "9:10:39 PST"]
[Termination "SaqoChess_Twitch won on time"]

1. e4 c5 2. Nf3 d6 3. d4 cxd4 4. Nxd4 Nf6 5. Nc3 g6 6. f3 Bg7 7. Be3 O-O 8. Qd2 Nc6 9. Bd3 d5 10. Nxc6 bxc6 11. exd5 Nxd5 12. Nxd5 cxd5 13. c3 e5 14. O-O Be6 15. Kh1 a5 16. Bf2 a4 17.
a3 Qa5 18. Rad1 Rfd8 19. Rfe1 d4 20. Be4 dxc3 21. Qxc3 Qxc3 22. bxc3 Rxd1 23. Rxd1 Rc8 24. Be1 Bf8 25. Ra1 f5 26. Bc2 Bb3 27. Bxb3+ axb3 28. Rb1 Rd8 29. Kg1 Bxa3 30. Rxb3 Rd1 31. Kf2 Ra1 32. Rb5 Ra2+ 33. Kf1 Bd6 34. Bg3 f4 35.
Be1 h5 36. Rb6 Be7 37. Rxg6+ Kf7 38. Rh6 Bf6 39. Rxh5 Kg6 40. Rh3 Rc2 41. g3 Rc1 42. Ke2 Kf5 43. Rh5+ Kg6 44. g4 Rc2+ 45. Kd3 Rg2 46.
h4 Rg1 47. Ke2 Rg2+ 48. Kd3 Ra2 49. Rf5 Ra1 50. h5+ Kg7 51. Bd2 Rg1 52. h6+ Kg6 53. Rh5 Kh7 54. c4 Rf1 55. Ke2 Rg1 56. Rf5 Rg2+ 57.
Kd3 Kg6 58. h7 Rh2 59. c5 Rxh7 60. Rh5 Rd7+ 61. Kc2 Rc7 62. Bb4 Kf7 63. Kb3 Ke6 64. Kc4 e4 65. fxe4 f3 66. Rf5 Rd7 67. Rxf3 Rd4+ 68.
Kb5 Rxe4 69. Rg3 Be5 70. Rg2 Re3 71. g5 Rb3 72. Kc4 Rb1 73. g6 Rc1+ 74. Kb5 Rb1 75. Rg4 Bg7 76. c6 Kf5 77. Rc4 Bf8 78. g7 Bxb4 79.
Rxb4 Rg1 80. c7 Rxg7 81. c8=Q+ Kg6 82. Qe6+ Kh5 83. Qe5+ Rg5 0-1

[Event "Early-Titled-Tuesday-Blitz-January-30-2024"]
[Site "Chess.com"]
[Date "2024.01.30"]
[Round "6"]
[White "alexrustemov"]
[Black "ImportedItalianMaple"]
[Result "1/2-1/2"]
[WhiteElo "2765"]
[BlackElo "2458"]
[TimeControl "180+1"]
[EndTime "9:10:47 PST"]
[Termination "Game drawn by 50-move rule"]

1. d4 g6 2. c4 Bg7 3. g3 Nf6 4. Bg2 O-O 5. Nc3 c5 6. Nf3 d5 7. cxd5 Nxd5 8. O-O Nc6 9. Nxd5 Qxd5 10. Be3 cxd4 11. Nxd4 Qd7 12. Nxc6 bxc6 13. Qc2 Rb8 14. Rab1 Qc7 15. b3 Bf5 16. Be4 Bxe4 17. Qxe4 c5 18. Rbc1 Rb5 19. Rc4 Rc8 20. Rfc1 Qa5 21. Ra4 Qc7 22. h4 e6 23. h5 a5 24. h6 Bf8 25.
Rac4 Rb4 26. Qc2 Qb6 27. Qc3 Rxc4 28. Qxc4 Qb4 29. g4 Qxc4 30. Rxc4 f6 31. f4 f5 32. g5 Kf7 33. Ra4 Ra8 34. Bd2 Bd6 35. e3 e5 36. Kf2 exf4 37. exf4 Bc7 38. Be3 Bd6 39. Rc4 Rc8 40. Bd2 Ra8 41. Ra4 Bc7 42. a3 Ra7 43. b4 cxb4 44. axb4 Bb6+ 45. Ke2 axb4 46. Rxb4 Bc5 47. Rb8 Bf8 48. Bc3 Re7+ 49. Be5 Re8 50. Rb7+ Re7 51. Rb5 Re8 52. Kd3 Rd8+ 53.
Kc4 Rc8+ 54. Kd5 Re8 55. Rb7+ Re7 56. Rb8 Rd7+ 57. Kc6 Re7 58. Rd8 Re8 59. Rd7+ Re7 60. Rd5 Re6+ 61. Kd7 Re7+ 62. Kc8 Re8+ 63. Kb7 Re7+ 64. Kc6 Re6+ 65. Kb5 Re8 66. Rd7+ Re7 67. Rd8 Rb7+ 68. Kc6 Re7 69. Bd6 Re8 70. Rd7+ Kg8 71.
Be5 Re7 72. Rd8 Kf7 73. Kd5 Re8 74. Rd7+ Re7 75. Rd6 Ra7 76. Rf6+ Kg8 77. Rc6 Kf7 78. Bd4 Rd7+ 79. Kc4 Be7 80. Be5 Bf8 81. Rc8 Re7 82. Kd5 Re8 83. Rc7+ Re7 84. Rc6 Rd7+ 85. Kc4 Re7 86.
Bf6 Re8 87. Rc7+ Kg8 88. Kd5 Ra8 89. Rb7 Ra5+ 90. Ke6 Ra6+ 91. Kd7 Ra8 92. Be5 Bb4 93.
Ke6 Bf8 94. Rd7 Ra6+ 95. Kd5 Ra8 96. Bd6 1/2-1/2

[Event "Early-Titled-Tuesday-Blitz-January-30-2024"]
[Site "Chess.com"]
[Date "2024.01.30"]
[Round "6"]
[White "josmito10"]
[Black "aghasiyevkamal"]
[Result "1-0"]
[WhiteElo "2773"]
[BlackElo "2591"]
[TimeControl "180+1"]
[EndTime "9:10:48 PST"]
[Termination "josmito10 won on time"]

1. e4 c5 2. Nf3 d6 3. Bb5+ Bd7 4. Bxd7+ Qxd7 5. O-O Nf6 6. Qe2 e5 7. c3 Nc6 8. Rd1 Be7 9. d4 Qc7 10. Nbd2 O-O 11.
Nf1 cxd4 12. cxd4 Rfe8 13. Ng3 Bf8 14. Bg5 Nd7 15. Rac1 Qb6 16. d5 Nd4 17. Nxd4 exd4 18. Nf5 g6 19. Nxd4 Bg7 20. Nb3 a5 21. Be3 Rxe4 22.
Qd3 Qb4 23. a3 Qa4 24. Nd4 Nc5 25. Qc4 Qxc4 26. Rxc4 Nb3 27. a4 f5 28. g3 g5 29. Rd3 Nxd4 30. Bxd4 g4 31. b3 Bxd4 32.
Rdxd4 Rxd4 33. Rxd4 Ra6 34. b4 axb4 35. Rxb4 Ra5 36.
Rxb7 Rxd5 37. Rb5 Rd1+ 38. Kg2 d5 39. a5 Kf7 40. a6 Ra1 41. Rxd5 Ke6 42. Rb5 Rxa6 43.
Rb7 h6 44. h3 Kf6 45. Rb8 Kg6 46. Rg8+ Kh5 47. Rf8 Ra5 48. Rf6 Kg5 49. Rf8 Kg6 50.
Kh2 Kg5 51. Rg8+ Kf6 52. hxg4 fxg4 53. Rxg4 h5 54. Rb4 Kg5 55. Kh3 Ra2 56. Rb5+ Kg6 57.
Rb6+ Kg5 58. f4+ Kf5 59. Rb5+ Kg6 60. Rb6+ Kh7 61. Kh4 Rh2+ 62. Kg5 Rh3 63. Rb7+ Kg8 64. f5 Rxg3+ 65. Kf6 Rf3 66. Rb8+ Kh7 67. Rb4 h4 68. Rxh4+ Kg8 69. Rb4 Kh7 70. Rg4 Rf1 71. Ke6 Re1+ 72. Kf7 Kh6 73. f6 Ra1 74. Rg6+ Kh7 75. Rg7+ Kh8 76.
Rg2 Ra7+ 77. Kg6 Rh7 78. Rb2 1-0

[Event "Early-Titled-Tuesday-Blitz-January-30-2024"]
[Site "Chess.com"]
[Date "2024.01.30"]
[Round "6"]
[White "MBA_CHESS_2021"]
[Black "wild3000"]
[Result "1-0"]
[WhiteElo "2243"]
[BlackElo "2375"]
[TimeControl "180+1"]
[EndTime "9:11:17 PST"]
[Termination "MBA_CHESS_2021 won on time"]

1. d4 d5 2. c4 e6 3. Nc3 Nf6 4. Nf3 Be7 5. Bf4 O-O 6. e3 a6 7. c5 Nc6 8. h3 b6 9. cxb6 cxb6 10.
Bd3 Bb7 11. Rc1 b5 12. O-O Rc8 13. a3 Bd6 14. Bg5 h6 15. Bh4 g5 16. Bg3 Bxg3 17. fxg3 Qd6 18. Rc2 Qxg3 19. Rcf2 Nd7 20. Qe2 b4 21.
axb4 Nxb4 22. Bb1 a5 23. Re1 Ba6 24. Qd2 Kg7 25. Nh2 Nf6 26. Rf3 Qd6 27. Qf2 Nd7 28. e4 dxe4 29. Nxe4 Qe7 30. h4 f6 31. Ng3 Nd5 32.
Nf5+ exf5 33. Rxe7+ Nxe7 34. Rc3 Rxc3 35. bxc3 Rb8 36.
Qa2 a4 37. hxg5 hxg5 38. Bc2 Bb5 39. Nf3 Nb6 40. Qe6 Rb7 41. Nd2 a3 42. Qb3 Ba4 43.
Qa2 Bxc2 44. Qxc2 Ra7 45. Qa2 Nc6 46. Nb1 f4 47. Nxa3 Ne7 48. Qb3 Nd7 49. c4 Nf5 50. d5 Nc5 51. Qb6 Rxa3 52. Qxc5 Ra1+ 53. Kf2 Ra2+ 54. Ke1 Ne3 55. Qe7+ Kg6 56. Qe8+ Kg7 57. d6 Nxg2+ 58. Kd1 Ne3+ 59. Kc1 Rc2+ 60. Kb1 Rxc4 61. d7 Rd4 62. d8=Q Rxd8 63. Qxd8 Kg6 64. Kc1 g4 65. Kd2 g3 66. Qg8+ Kf5 67. Ke2 g2 68. Kf3 Ke5 69.
Qe8+ Kf5 70. Qe4+ Kg5 71. Qxf4+ Kg6 72. Qe4+ Nf5 73. Kxg2 Kg5 74. Qd5 Kf4 75. Qd2+ Kg4 76. Qe2+ Kg5 77. Qd2+ Kg4 78. Qb4+ Kg5 79. Kh3 Nh6 80.
Qd2+ Kg6 81. Qg2+ Kf7 82. Kh4 Nf5+ 83. Kh5 Ng7+ 84. Kh6 Nf5+ 85. Kh7 Ne7 86. Qe4 f5 87. Qe5 Kf8 88. Qe6 Ke8 89. Kg7 Kd8 90. Kf7 Nc8 91.
Qd5+ Kc7 92. Qc5+ Kd7 93. Qd5+ Kc7 94. Qc4+ Kd7 95. Qd3+ Kc7 96. Qc2+ Kd7 97. Qxf5+ Kc7 98. Qa5+ 1-0

[Event "Early-Titled-Tuesday-Blitz-January-30-2024"]
[Site "Chess.com"]
[Date "2024.01.30"]
[Round "6"]
[White "LiadCuba"]
[Black "manitodeplomo"]
[Result "1/2-1/2"]
[WhiteElo "2448"]
[BlackElo "2669"]
[TimeControl "180+1"]
[EndTime "9:11:32 PST"]
[Termination "Game drawn by repetition"]

1. d4 g6 2. c4 Bg7 3. Nc3 d6 4.
e4 Nf6 5. Be2 O-O 6. Be3 c5 7.
d5 e6 8. dxe6 Bxe6 9. h3 Nc6 10.
Nf3 Qb6 11. Qc2 Nd4 12. Bxd4 cxd4 13. Nd5 Nxd5 14. exd5 Bf5 15. Qd2 d3 16. Bxd3 Bxd3 17. Qxd3 Rfe8+ 18. Kf1 Qxb2 19. Rb1 Qxa2 20. Rxb7 a5 21. g4 Rec8 22. Nd2 Rcb8 23. Rxb8+ Rxb8 24. Kg2 a4 25. Re1 a3 26. c5 dxc5 27. d6 Bd4 28. Ne4 Qb3 29. Qxb3 Rxb3 30. d7 Rb8 31. Nxc5 Rf8 32.
Nb3 Bf6 33. Re2 Kg7 34. Na5 Ra8 35. Nc6 a2 36. d8=Q Bxd8 37. Rxa2 Rxa2 38. Nxd8 Ra6 39.
Nb7 Rc6 40. Na5 Rc5 41. Nb3 Rd5 42. Nc1 Kf6 43. Ne2 Ra5 44. Nc3 Kg5 45. Ne4+ Kh4 46. Nd6 Ra7 47. Nc4 h5 48. gxh5 Kxh5 49. Ne5 Kh4 50.
Nf3+ Kh5 51. Ne5 Kh6 52. Kg3 Kg7 53. f3 Ra1 54. Ng4 f6 55. Nf2 Kf7 56. Ne4 Ke6 57. Nc5+ Kf5 58. Nd3 Kg5 59. Nc5 f5 60. Nb3 Rb1 61. Nd2 Rb8 62. Nc4 Ra8 63. Nd6 Ra1 64. h4+ Kf6 65. Nc4 Re1 66. Nd2 Re8 67. Nc4 Re6 68. Nd2 Rc6 69. Nb3 Rc4 70. Nd2 Rb4 71. Nf1 Kg7 72. Kf2 Rxh4 73. Kg3 Ra4 74. Nd2 Kh6 75. Nb3 Rc4 76. Nd2 Rb4 77. Nf1 Kg5 78.
Nd2 Kf6 79. f4 Kg7 80. Nf3 Kh6 81. Ne5 Kh5 82. Nf3 Rb3 83. Kg2 Kg4 84. Nd4 Rb2+ 85. Kg1 Kxf4 86. Ne6+ Kg4 87. Nc5 Rb1+ 88. Kf2 Rb2+ 89.
Kg1 Rb8 90. Nd3 Re8 91. Kf2 f4 92. Nc5 Kf5 93. Nd7 Re4 94. Nc5 Re3 95. Nb7 g5 96. Nd6+ Kg4 97. Nc4 Rf3+ 98. Kg2 Rc3 99. Ne5+ Kf5 100.
Nf7 Rc2+ 101. Kf1 Rd2 102. Nh6+ Ke4 103. Ng4 Kf3 104. Ne5+ Ke4 105. Ng4 Kf5 106. Nh6+ Kg6 107. Ng4 Kh5 108. Ne5 Kh4 109. Nf3+ Kg3 110. Nxd2 g4 111. Ne4+ Kh3 112. Nf2+ Kg3 113. Ne4+ Kf3 114. Ng5+ Kg3 115. Ne4+ 1/2-1/2

[Event "Early-Titled-Tuesday-Blitz-January-30-2024"]
[Site "Chess.com"]
[Date "2024.01.30"]
[Round "6"]
[White "crazy_but_lazy"]
[Black "Szparu"]
[Result "0-1"]
[WhiteElo "2590"]
[BlackElo "2764"]
[TimeControl "180+1"]
[EndTime "9:11:33 PST"]
[Termination "Szparu won by resignation"]

1. d4 d5 2. Nf3 Nf6 3. Bf4 e6 4. e3 c5 5. c3 Nc6 6. Nbd2 cxd4 7.
exd4 Nh5 8. Be3 Bd6 9. Ne5 Nf6 10. Nd3 O-O 11. Be2 Bd7 12. O-O Qc7 13. g3 b5 14. b4 a5 15. a3 e5 16. Nb3 e4 17.
Ndc5 Bh3 18. Re1 a4 19. Nd2 Qb8 20. f4 exf3 21. Bxf3 Bxg3 22. Re2 Bh4 23. Kh1 Ne7 24. Qg1 Ng6 25. Bf2 Qf4 26. Bg3 Qh6 27. Rae1 Bg5 28. Nf1 Nh5 29. Nd3 Rad8 30. Qf2 Ngf4 31. Nxf4 Nxf4 32.
Bxf4 Bxf4 33. Ng3 Be6 34. Rg1 g6 35. Qg2 Kh8 36. Nf1 Bh3 37. Qf2 Rde8 38. Rxe8 Rxe8 39. Bxd5 Kg7 40. Ng3 Re3 41. Bf3 Kf8 42. d5 Qg5 43. d6 Bxd6 44. Rd1 Bxg3 45. hxg3 Re8 46. Kh2 Be6 47. Rd2 Kg7 48. Bg2 Rd8 49. Rxd8 Qxd8 50. Qe3 Qc7 51. Bf1 Bd7 52. Qd4+ Kg8 53. c4 bxc4 54.
Bxc4 Be8 55. b5 Qe7 56. b6 Qxa3 57. Qd5 Qb2+ 58. Kh3 Qxb6 59. Qe5 Qc6 60. Bd5 Qd7+ 61. Kh2 a3 62. Qe4 Kf8 63. Qb4+ Qe7 64. Qc4 h5 65. Qc3 Qg5 66. Qh8+ Ke7 67. Bg2 Qd2 68. Qe5+ Kd8 69. Qb8+ Kd7 70. Qa7+ Ke6 71. Qxa3 Kf6 72. Qf3+ Kg7 73.
Qe4 Bd7 74. Qe5+ Kh7 75. Kh1 Be6 76. Qf4 Qxf4 77. gxf4 Kg7 78. Kh2 Kf6 79. Kg3 Bf5 80.
Bf3 Ke7 81. Kf2 Kd6 82. Ke3 h4 83. Bh1 Kc5 84. Ba8 Be6 85. Bg2 Kd6 86. Bf1 Ke7 87.
Bg2 Kf6 88. Bc6 Bg4 89. Be4 Ke7 90. Bd5 Bf5 91. Kf3 f6 92. Bg8 Kd6 93. Bf7 Kc5 94.
Bg8 Kd4 95. Bb3 h3 96. Kg3 Ke3 97. Bd5 Bd7 98. Bf7 g5 99. fxg5 fxg5 100. Bd5 Kd4 101. Bb7 g4 102. Bh1 Be6 103. Bc6 Bd5 104. Bd7 Bf3 105. Be6 Kd3 106. Bf5+ Ke2 107. Bxg4 Bxg4 108. Kh2 Kf2 109. Kh1 Be6 110. Kh2 Kf3 111. Kh1 Kg3 112. Kg1 h2+ 0-1

[Event "Early-Titled-Tuesday-Blitz-January-30-2024"]
[Site "Chess.com"]
[Date "2024.01.30"]
[Round "7"]
[White "nikitadovbnya2008"]
[Black "EsmeraldasAnderson03"]
[Result "0-1"]
[WhiteElo "2180"]
[BlackElo "2412"]
[TimeControl "180+1"]
[EndTime "9:12:59 PST"]
[Termination "EsmeraldasAnderson03 won by resignation"]

1. d4 d5 2. c4 dxc4 3. e3 Nf6 4. Bxc4 e6 5. Nf3 a6 6. O-O c5 7. dxc5 Qxd1 8. Rxd1 Bxc5 9. Be2 b6 10. Nbd2 Bb7 11.
Nc4 Ke7 12. b3 Nc6 13. Bb2 Rac8 14. Ng5 h6 15. Ne4 Nxe4 0-1

[Event "Early-Titled-Tuesday-Blitz-January-30-2024"]
[Site "Chess.com"]
[Date "2024.01.30"]
[Round "7"]
[White "BocharovD"]
[Black "spaski2004"]
[Result "1-0"]
[WhiteElo "2873"]
[BlackElo "2968"]
[TimeControl "180+1"]
[EndTime "9:13:39 PST"]
[Termination "BocharovD won by resignation"]

1. c4 d6 2. g3 e5 3. Bg2 Nc6 4. Nc3 Bd7 5. d3 g6 6. Rb1 Bg7 7. b4 a6 8. a4 Qc8 9. b5 axb5 10. axb5 Nd8 11. Nf3 Ne6 12. O-O 1-0

[Event "Early-Titled-Tuesday-Blitz-January-30-2024"]
[Site "Chess.com"]
[Date "2024.01.30"]
[Round "7"]
[White "RaulPerezGuerra"]
[Black "IlanSchnaider"]
[Result "0-1"]
[WhiteElo "2498"]
[BlackElo "2654"]
[TimeControl "180+1"]
[EndTime "9:14:10 PST"]
[Termination "IlanSchnaider won by resignation"]

1. d4 Nf6 2. c4 g6 3. Nc3 d5 4.
cxd5 Nxd5 5. e4 Nxc3 6. bxc3 Bg7 7. Nf3 c5 8. Bc4 O-O 9. O-O Nc6 10. a4 Bg4 11. d5 Na5 12. Be2 Bxc3 13. Rb1 e6 14. dxe6 Bxe6 15. Rxb7 Nxb7 0-1

[Event "Early-Titled-Tuesday-Blitz-January-30-2024"]
[Site "Chess.com"]
[Date "2024.01.30"]
[Round "7"]
[White "eightbyeightchess"]
[Black "jamengrand"]
[Result "0-1"]
[WhiteElo "2414"]
[BlackElo "2263"]
[TimeControl "180+1"]
[EndTime "9:14:18 PST"]
[Termination "jamengrand won by resignation"]

1. e4 e5 2. Nf3 Nc6 3. d4 exd4 4. c3 d5 5. exd5 Qxd5 6. cxd4 Bg4 7. Be2 Bb4+ 8. Nc3 Bxf3 9. Bxf3 Qc4 10. Qb3 Qxb3 11. axb3 Nge7 12. O-O Nxd4 13. Bxb7 Rb8 14. Be4 a5 15.
Bf4 Bxc3 16. bxc3 Ne2+ 17. Kh1 Nxf4 18. Rxa5 O-O 19. b4 Ne2 20. Re5 Rfe8 21. Bxh7+ Kxh7 22. Rxe2 Nd5 23. Rc2 c5 24. b5 c4 25. Rb1 Rxb5 0-1

[Event "Early-Titled-Tuesday-Blitz-January-30-2024"]
[Site "Chess.com"]
[Date "2024.01.30"]
[Round "7"]
[White "Ural_bogatyr"]
[Black "DavidGavrilescu18"]
[Result "0-1"]
[WhiteElo "2542"]
[BlackElo "2792"]
[TimeControl "180+1"]
[EndTime "9:14:30 PST"]
[Termination "DavidGavrilescu18 won by resignation"]

1. d4 d5 2. Nc3 Nf6 3. Bf4 a6 4. e3 e6 5. g4 c5 6. g5 Nfd7 7. h4 Nc6 8. Nf3 b5 9. Bh3 Bb7 10. Kf1 Nb6 11. Ne2 Bd6 12. h5 g6 13. Bg4 Rf8 14. Kg2 Bxf4 15. Nxf4 Qd6 16. c3 O-O-O 17. hxg6 hxg6 18. Rh7 Kb8 19. dxc5 Qxc5 20. Qd4 Nxd4 0-1

[Event "Early-Titled-Tuesday-Blitz-January-30-2024"]
[Site "Chess.com"]
[Date "2024.01.30"]
[Round "7"]
[White "Alexchess1984"]
[Black "GHANDEEVAM2003"]
[Result "0-1"]
[WhiteElo "2744"]
[BlackElo "3051"]
[TimeControl "180+1"]
[EndTime "9:14:35 PST"]
[Termination "GHANDEEVAM2003 won by resignation"]

1. e4 d6 2. d4 g6 3. Nf3 Bg7 4. Bc4 Nc6 5. O-O Nf6 6. Qe2 O-O 7.
e5 Nh5 8. Rd1 Bg4 9. e6 d5 10.
Bb5 Nxd4 11. Rxd4 Bxd4 12. Qd2 Bg7 13. exf7+ Rxf7 14. Ng5 Rf8 15. h3 Bc8 16. Qe1 c6 17. Be2 Nf4 18. Bf1 e5 19. g3 Qxg5 0-1

[Event "Early-Titled-Tuesday-Blitz-January-30-2024"]
[Site "Chess.com"]
[Date "2024.01.30"]
[Round "7"]
[White "RandomNoob04"]
[Black "josmito10"]
[Result "0-1"]
[WhiteElo "2573"]
[BlackElo "2777"]
[TimeControl "180+1"]
[EndTime "9:14:42 PST"]
[Termination "josmito10 won by resignation"]

1. e4 e6 2. d4 d5 3. e5 c5 4. c3 Nc6 5. Nf3 Nh6 6. Bd3 cxd4 7. cxd4 Nf5 8. Bc2 Nh4 9. Be3 Nxg2+ 10. Kf1 Nxe3+ 11.
fxe3 g6 12. Kg2 Bh6 13. Qe2 O-O 14. Nc3 f6 15. exf6 Qxf6 16. Rhf1 Bd7 17. Kh1 Qe7 18.
Rg1 Kh8 19. Qg2 Rf6 20. Qh3 Bxe3 21. Rxg6 Rxg6 22. Bxg6 Rg8 23. Bd3 Qg7 24. Nh4 Qg1+ 0-1

[Event "Early-Titled-Tuesday-Blitz-January-30-2024"]
[Site "Chess.com"]
[Date "2024.01.30"]
[Round "7"]
[White "noblerone"]
[Black "Veleamater"]
[Result "1-0"]
[WhiteElo "2492"]
[BlackElo "2321"]
[TimeControl "180+1"]
[EndTime "9:14:42 PST"]
[Termination "noblerone won by resignation"]

1. e4 d6 2. Nf3 g6 3. Bc4 Bg7 4. Nc3 Nf6 5. d3 O-O 6. O-O Nc6 7. h3 h6 8. a3 Kh7 9. Ba2 e5 10. Ne2 Nd7 11. c3 f5 12. exf5 gxf5 13. Ng3 Nb6 14. Bb1 d5 15. Re1 e4 16. dxe4 fxe4 17. Nh5 Qf6 18. Nxf6+ Rxf6 19. Nh2 Bf5 20. Ng4 Rg6 21.
f3 Ne5 22. Nxe5 Bxe5 23. fxe4 dxe4 24. Bxe4 Bxe4 25. Rxe4 1-0

[Event "Early-Titled-Tuesday-Blitz-January-30-2024"]
[Site "Chess.com"]
[Date "2024.01.30"]
[Round "7"]
[White "Me_ch_an"]
[Black "averageFM"]
[Result "0-1"]
[WhiteElo "2339"]
[BlackElo "2573"]
[TimeControl "180+1"]
[EndTime "9:14:49 PST"]
[Termination "averageFM won by resignation"]

1. e4 c5 2. Nc3 e6 3. g3 d5 4. exd5 exd5 5. Bg2 Nf6 6. Nge2 Nc6 7. d4 cxd4 8. Nxd4 Bg4 9. f3 Bd7 10. Be3 Be7 11.
O-O O-O 12. Re1 Bc5 13. Kh1 Bb4 14. Bg5 Bxc3 15. bxc3 h6 16. Bxf6 Qxf6 17. Rb1 Nxd4 18. cxd4 b6 19. f4 Bf5 20. Bxd5 Rad8 21. Re5 Rxd5 22. Rxd5 Be4+ 23. Kg1 Bxd5 0-1

[Event "Early-Titled-Tuesday-Blitz-January-30-2024"]
[Site "Chess.com"]
[Date "2024.01.30"]
[Round "7"]
[White "VitaliyChayka"]
[Black "profedechess93"]
[Result "1-0"]
[WhiteElo "2443"]
[BlackElo "2615"]
[TimeControl "180+1"]
[EndTime "9:14:50 PST"]
[Termination "VitaliyChayka won by resignation"]

1. d4 d5 2. Bf4 Nf6 3. e3 c5 4. dxc5 e6 5. b4 a5 6. c3 axb4 7. cxb4 b6 8. Bxb8 Rxb8 9. Bb5+ Ke7 10. c6 Qd6 11. Qb3 g6 12. Nc3 Bg7 13. Nge2 Ng4 14.
h3 Ne5 15. Nd4 Rd8 16. Rc1 f5 17. c7 1-0

[Event "Early-Titled-Tuesday-Blitz-January-30-2024"]
[Site "Chess.com"]
[Date "2024.01.30"]
[Round "7"]
[White "maciek_92"]
[Black "wannabe2700"]
[Result "0-1"]
[WhiteElo "2794"]
[BlackElo "2642"]
[TimeControl "180+1"]
[EndTime "9:15:00 PST"]
[Termination "wannabe2700 won by resignation"]

1. d4 f5 2. g3 Nf6 3. Bg2 g6 4. Nf3 Bg7 5. c4 O-O 6. O-O d6 7. Nc3 c6 8. Qb3 h6 9. Re1 Kh7 10. e4 fxe4 11. Nxe4 Nxe4 12. Rxe4 e5 13. dxe5 dxe5 14.
Rh4 Na6 15. Bxh6 Bxh6 16. Qe3 Qxh4 0-1